 Dungeon Crawl Stone Soup version 0.24-a0-358-g53aee78b01 (webtiles) character file.

Game seed: 2789810189127898049

28 Lanoc the Insei (level 3, -1/31 HPs)
             Began as a Naga Transmuter on May 25, 2019.
             Slain by a crimson imp (3 damage)
             ... on level 2 of the Dungeon.
             The game lasted 00:02:01 (1068 turns).

Lanoc the Insei (Naga Transmuter)                   Turns: 1068, Time: 00:02:01

Health: -1/31      AC:  2    Str: 12    XL:     3   Next: 12%
Magic:  5/6        EV: 10    Int: 13    God:
Gold:   107        SH:  0    Dex: 12    Spells: 5/6 levels left

rFire    + . .     SeeInvis +     - Unarmed
rCold    . . .     Gourm    .   (no shield)
rNeg     . . .     Faith    .   b - +0 robe
rPois    +         Spirit   .   (no helmet)
rElec    .         Reflect  .   (no cloak)
rCorr    .         Harm     .   (no gloves)
MR       .....                  (no barding)
Stlth    +.........             (no amulet)
HPRegen  0.10/turn              e - ring of flight
MPRegen  0.10/turn              (no ring)

@: appendage, very slow
A: large, claws 1, horns 2, stinger 1, see invisible, deformed body, fire
resistance 1, poison resistance, slowness 2, slow metabolism 1, spit poison 1,
AC +1
a: Spit Poison, End Transformation, Evoke Flight


You were on level 2 of the Dungeon.
You were hungry.
You had grown temporary horns.
You visited 1 branch of the dungeon, and saw 2 of its levels.

You collected 107 gold pieces.

Inventory:

Missiles
 a - 12 arrows
Armour
 b - a +0 robe (worn)
Jewellery
 e - a ring of flight (left claw)
Scrolls
 c - 3 scrolls of identify {unknown}
 f - a scroll of teleportation {unknown}
 g - a scroll of noise {unknown}
Comestibles
 d - 4 rations
 i - a chunk of flesh


   Skills:
 + Level 1.3 Fighting
 + Level 1.7 Dodging
 * Level 3.3 Unarmed Combat
 + Level 2.1 Spellcasting
 * Level 2.5 Transmutations


You had 5 spell levels left.
You knew the following spells:

 Your Spells              Type           Power        Failure   Level  Hunger
a - Beastly Appendage     Tmut           #.....       9%          1    ##.....

Your spell library contained the following spells:

 Spells                   Type           Power        Failure   Level  Hunger
 Sticks to Snakes         Tmut           #.......     14%         2    ###....
 Spider Form              Tmut/Pois      #.........   41%         3    ####...
 Ice Form                 Ice/Tmut       #.......     83%         4    #####..
 Blade Hands              Tmut           #.........   94%         5    ######.


Dungeon Overview and Level Annotations

Branches:
Dungeon (2/15)

Altars:


Innate Abilities, Weirdness & Mutations

You cannot wear boots.
Your serpentine skin is tough. (AC +1)
You have supernaturally acute eyesight. (SInv)
Armour fits poorly on your strangely shaped body.
Your system is resistant to poisons. (rPois)
You cover ground very slowly.
You have a slow metabolism.
You can spit poison.
You have sharp fingernails.
You have a pair of horns on your head.
Your tail ends in a poisonous barb.
Your flesh is heat resistant. (rF+)


Message History

The crimson imp hits you.
* * * LOW HITPOINT WARNING * * *
You closely miss the crimson imp. You headbutt the crimson imp.
The crimson imp is severely wounded.
The crimson imp misses you.
You scratch the crimson imp but do no damage.
The crimson imp is severely wounded.
The crimson imp hits you.
* * * LOW HITPOINT WARNING * * *
You barely miss the crimson imp.
The crimson imp is heavily wounded.
The crimson imp hits you but does no damage.
You completely miss the crimson imp.
The crimson imp is heavily wounded.
The crimson imp hits you.
* * * LOW HITPOINT WARNING * * *
You scratch the crimson imp.
The crimson imp is heavily wounded.
The crimson imp hits you.
You die...

#.# #.# #.# #.#
#.######
#.#.... .
#.#..# ...
#.#.######.....
#...@..........
###5###########
#.# #.# #)# #.#
#.# #.# #.#


You could see a crimson imp.

Vanquished Creatures
  A worm (D:2)
  A dart slug (D:1)
  A leopard gecko (D:2)
  2 bats (D:1)
  3 giant cockroaches
  3 goblins (D:1)
  3 hobgoblins (D:1)
  A frilled lizard (D:1)
  2 kobolds (D:1)
  3 rats (D:1)
20 creatures vanquished.

Notes
Turn   | Place    | Note
-------+----------+-------------------------------------------
     0 | D:1      | Lanoc the Naga Transmuter began the quest for the Orb.
     0 | D:1      | Reached XP level 1. HP: 18/18 MP: 3/3
   165 | D:1      | Reached XP level 2. HP: 25/25 MP: 5/5
   882 | D:2      | Reached XP level 3. HP: 21/31 MP: 6/6
  1049 | D:2      | Gained mutation: Your tail ends in a poisonous barb.
                  | [potion of mutation]
  1049 | D:2      | Gained mutation: You have sharp fingernails. [potion of
                  | mutation]
  1049 | D:2      | Gained mutation: Your flesh is heat resistant. (rF+)
                  | [potion of mutation]
  1067 | D:2      | HP: 1/31 [crimson imp (1)]
  1068 | D:2      | Slain by a crimson imp

Levels and vault maps discovered:
D:1:      lemuel_arrival_muddy, layout_loops_ring, serial_rivers,
          chequers_serial_rivers_room_a, chequers_serial_rivers_room_a,
          chequers_serial_rivers_micro_c, chequers_serial_rivers_micro_d
D:2:      layout_basic, amethyst_overflow_temple_binary, first_ration,
          kennysheep_cross_bottleneck, uniq_crazy_yiuf_cottage

Action                   || total
-------------------------++-------
Melee: Unarmed           ||   104
       Punch             ||     2
       Headbutt          ||     2
       Tailslap          ||     1
 Cast: Beastly Appendage ||     3
 Abil: Spit Poison       ||     8
  Use: Potion            ||     1
Armor: Robe              ||    10
Dodge: Dodged            ||    57

Table legend:
 A = Non-vault XP
 B = Vault XP
 C = Vault XP percentage of total XP
 D = Non-vault monster count
 E = Vault monster count
 F = Vault count percentage of total count
                 A         B        C        D         E       F
            +---------+---------+-------+---------+---------+-------
      Total |      40 |       0 |   0.0 |      20 |       0 |   0.0
            +---------+---------+-------+---------+---------+-------
        D:1 |      30 |       0 |   0.0 |      17 |       0 |   0.0
        D:2 |      10 |       0 |   0.0 |       3 |       0 |   0.0
            +---------+---------+-------+---------+---------+-------
